 Dungeon Crawl Stone Soup version 0.30-a0-223-gcb0039aa0c (webtiles) character file.

Game seed: 7768958889694698095

30 qw the Shield-Bearer (level 3, -1/23 HPs)
             Began as a Gargoyle Fighter on Oct 9, 2022.
             Slain by a gnoll
             ... wielding a +0 halberd
              (12 damage)
             ... on level 2 of the Dungeon.
             The game lasted 00:00:29 (1372 turns).

qw the Shield-Bearer (Gargoyle Fighter)             Turns: 1372, Time: 00:00:30

Health: -1/23      AC: 12    Str: 21    XL:     3   Next: 18%
Magic:  3/3        EV:  9    Int:  8    God:
Gold:   72         SH:  4    Dex:  9    Spells: 2/2 levels left

rFire   . . .      SeeInvis .    Y - +2 war axe
rCold   . . .      Faith    .    c - +0 buckler
rNeg    + . .      Spirit   .    b - +0 scale mail
rPois   inf        Reflect  .    (no helmet)
rElec   +          Harm     .    (no cloak)
rCorr   .          Rampage  .    f - +1 pair of gloves
Will    .....                    (no boots)
Stlth   ..........               (no amulet)
HPRegen 0.23/turn                (no ring)
MPRegen 0.08/turn                (no ring)

@: no status effects
A: sickness immunity, AC +3, negative energy resistance 1, electricity
resistance, torment resistance 1, petrification resistance
a: no special abilities


You were on level 2 of the Dungeon.
You visited 1 branch of the dungeon, and saw 2 of its levels.

You collected 72 gold pieces.


Innate Abilities, Weirdness & Mutations

You are immune to sickness and miasma.
Your stone body is resilient. (AC +3)
You are immune to poison.
You resist negative energy. (rN+)
You are resistant to electric shocks. (rElec)
You are resistant to unholy torment.
You are immune to petrification.


   Skills:
 - Level 3.2 Fighting
 + Level 3.2 Axes
 - Level 3.2 Armour
 - Level 3.2 Shields


You had 2 spell levels left.
You didn't know any spells.
Your spell library was empty.

Inventory:

Hand Weapons
 g - a +0 whip
 Y - a +2 war axe (weapon)
Armour
 b - a +0 scale mail (worn)
 c - a +0 buckler (worn)
 f - a +1 pair of gloves (worn)
Jewellery
 i - an amulet of reflection
Scrolls
 a - 3 scrolls of identify
 h - a scroll of noise {unknown}
 k - a scroll of magic mapping {unknown}
Potions
 d - a potion of might
 e - a potion of degeneration {unknown}
 j - a potion of brilliance {unknown}
 m - a potion of invisibility {unknown}

Dungeon Overview and Level Annotations

Branches:
Dungeon (2/15)

Altars:

Shops:
D:1 :

Annotations:
D:1 2 transporters


Message History

Found 5 stones.
Enter note:
Enter note:
Enter note:
Enter note:
Enter note:
Enter note:
Enter note:
k - a scroll labelled DYXISA TONLICY As you open the door, it creaks loudly!
There is an open door here.
You open the door.
Found a forked brass wand.
You see here a wand of polymorph (11).
You open the door.
There is an open door here. 2 gnolls come into view.
The gnoll shouts!
You hear a shout!
A gnoll comes into view. It is wielding a +0 halberd.
The gnoll hits you but does no damage. You block the gnoll's attack.
You completely miss the gnoll. You barely miss the gnoll.
The gnoll closely misses you. The gnoll barely misses you.
You hit the gnoll.
The gnoll is lightly wounded.
You barely miss the gnoll.
The gnoll hits you from afar with a +0 halberd.
The gnoll hits you with a +0 spear. The gnoll barely misses you.
You block the gnoll's attack.
The gnoll hits you from afar with a +0 halberd.
You slash the gnoll!
The gnoll is severely wounded.
You hit the gnoll but do no damage. The gnoll hits you but does no damage.
The gnoll closely misses you.
The gnoll hits you from afar with a +0 halberd.
You slash the gnoll!
You kill the gnoll!
You barely miss the gnoll.
The gnoll hits you from afar with a +0 halberd!
Ouch! That really hurt!
You die...

... #........... ...
###..........# ..#
#.......#....####.#
#.......#......##.#
............#.##.# .
#........#.#....#
....####..........#.....
.....g.@.............%..
......g).##.............
.........##.....#..#+###
.#...........#+#........
####........#.#........
..........#.........)
##.#.......#..###.....
#.###+##..#.......... #
#..#..........


You could see 2 gnolls.

Vanquished Creatures
  A gnoll (D:2)
  A dart slug (D:1)
  An endoplasm (D:1)
  A giant cockroach (D:1)
  3 goblins
  3 hobgoblins (D:1)
  2 jackals (D:1)
  2 kobolds (D:1)
  A quokka (D:2)
  2 ball pythons (D:1)
  3 bats
  2 frilled lizards (D:1)
  6 rats
28 creatures vanquished.

Vanquished Creatures (others)
  6 plants (D:1)
6 creatures vanquished.

Grand Total: 34 creatures vanquished

Notes
Turn   | Place    | Note
-------+----------+-------------------------------------------
     0 | D:1      | qw the Gargoyle Fighter began the quest for the Orb.
     0 | D:1      | Reached XP level 1. HP: 14/14 MP: 1/1
     0 | D:1      | 0 ||| qw: Version: 0.2-a-17-g06abaee
     0 | D:1      | 0 ||| qw: Game counter: 2168
     0 | D:1      | 0 ||| qw: Always use a shield: true
     0 | D:1      | 0 ||| qw: God list: Okawaru
     0 | D:1      | 0 ||| qw: Allow faded altars: false
     0 | D:1      | 0 ||| qw: Do Orc after D:15 true
     0 | D:1      | 0 ||| qw: Do second Lair branch before Depths: true
     0 | D:1      | 0 ||| qw: Lair rune preference: random
     0 | D:1      | 0 ||| qw: Plans: Normal, Zot:1-4, God:TSO, Crypt, Tomb,
                  | Pan, Slime:5, Hells, Abyss, Orb
     0 | D:1      | 0 ||| PLANNING D:1-11
    34 | D:1      | 34 ||| Stepping ~*~*~tactically~*~*~ (hiding).
   260 | D:1      | Reached XP level 2. HP: 19/19 MP: 2/2
   412 | D:1      | Found Fiseigae's Book Boutique.
   433 | D:1      | 433 ||| UPGRADING to +0 pair of gloves.
   510 | D:1      | 510 ||| Stepping ~*~*~tactically~*~*~ (stealth).
   511 | D:1      | 511 ||| Stepping ~*~*~tactically~*~*~ (stealth).
   522 | D:1      | Reached skill level 3 in Axes
   643 | D:1      | Found a faded altar of an unknown god.
   662 | D:1      | Reached XP level 3. HP: 23/23 MP: 3/3
   952 | D:1      | 952 ||| DROPPING +6 ring of intelligence.
   953 | D:1      | 953 ||| READING 2 scrolls labelled JIUTHOGEZI.
   954 | D:1      | 954 ||| READING scroll of enchant armour.
   954 | D:1      | 954 ||| ENCHANTING +0 pair of gloves.
   955 | D:1      | 955 ||| READING scroll labelled GEAVUI HAIPH.
   956 | D:1      | 956 ||| READING 2 scrolls labelled REAWAH UNIOCOC.
   957 | D:1      | 957 ||| READING scroll of enchant weapon.
   957 | D:1      | 957 ||| ENCHANTING +1 war axe.
   958 | D:1      | 958 ||| READING scroll labelled GUEWIFUCSO.
   959 | D:1      | 959 ||| READING scroll labelled BYCYPR TAITEZO.
   960 | D:1      | 960 ||| READING scroll labelled MOBBOI XUASAIFUO.
   961 | D:1      | 961 ||| READING scroll labelled XITHRU IGAGE.
   962 | D:1      | 962 ||| READING scroll labelled DIWIUQAPUC.
   998 | D:2      | 998 ||| STAIRDANCE
  1048 | D:2      | 1048 ||| DROPPING +0 club.
  1372 | D:2      | Slain by a gnoll

Levels and vault maps discovered:
D:1:      spicycebolla_arrival_transporter_tutorial, layout_loops_ring,
          basic_ecumenical_altar, serial_shops, shop, serial_bayou,
          serial_bayou_lagoon_b, serial_bayou_lake_a, serial_bayou_lagoon_a,
          serial_bayou_pond_e
D:2:      layout_basic, amcnicky_mini_rare_corridor_liquid,
          minmay_misc_feat_rugged, minmay_misc_feat_secret_circle

Skill      XL: |  1  2 |
---------------+-------+-----
Axes           | 2 3 |  3.2
Fighting       | |  3.2
Armour         | |  3.2
Shields        | |  3.2

Action                   || total
-------------------------++-------
Melee: War axe           ||    92
  Use: Scroll            ||    10
Armor: Scale mail        ||    46
Dodge: Dodged            ||    45
Block: Buckler           ||    22

Table legend:
 A = Non-vault XP
 B = Vault XP
 C = Vault XP percentage of total XP
 D = Non-vault monster count
 E = Vault monster count
 F = Vault count percentage of total count
                 A         B        C        D         E       F
            +---------+---------+-------+---------+---------+-------
      Total |      57 |       0 |   0.0 |      28 |       0 |   0.0
            +---------+---------+-------+---------+---------+-------
        D:1 |      36 |       0 |   0.0 |      22 |       0 |   0.0
        D:2 |      21 |       0 |   0.0 |       6 |       0 |   0.0
            +---------+---------+-------+---------+---------+-------
